 Dungeon Crawl Stone Soup version 0.18.1-50-g88ac8fd (webtiles) character file.

378857 Gargoyl the Corrupter of Planes (level 21, -23/191 HPs)
             Began as a Demonspawn Abyssal Knight on Oct 10, 2016.
             Was the Champion of Lugonu.
             Annihilated by an eldritch tentacle (30 damage)
             ... called by the effects of Hell
             ... on level 1 of the Iron City of Dis on Oct 11, 2016.
             The game lasted 02:51:47 (60258 turns).

Gargoyl the Corrupter of Planes (DsAK)             Turns: 60258, Time: 02:51:48

Health: -23/191    AC: 41    Str: 18    XL:     21   Next: 85%
Magic:  53/53      EV:  9    Int: 14    God:    Lugonu [******]
Gold:   3610       SH: 16    Dex: 11    Spells: 0 memorised, 20 levels left

rFire  + + +     SeeInvis .     w - +9 war axe (elec)
rCold  + . .     Gourm    .     V - +9 plate armour of Reason {rF++}
rNeg   . . .     Faith    .     D - +2 shield
rPois  +         Spirit   .     b - +2 helmet
rElec  .         Dismiss  .     a - +2 cloak of Catatonia {MP+9 Stlth+}
rCorr  .         Reflect  .     (gloves unavailable)
SustAt .         Harm     .     P - +2 pair of boots
MR     ++...                    S - amulet of regeneration
Stlth  ..........               G - ring of the Morning {rF+ rC+ MP+9 Str-2 Slay+2}
                                C - ring of protection from magic

@: very resistant to hostile enchantments, extremely unstealthy
A: claws 3, thin metallic scales 2, clumsy 1, dopey 1, fire resistance 1,
nightstalker 2, poison resistance, robust 1, slow regeneration 1, spiny 3,
subdued magic 1
a: Depart the Abyss, Bend Space, Banish, Corrupt, Enter the Abyss, Brand Weapon
With Distortion, Renounce Religion
}: 2/15 runes: decaying, serpentine


You were on level 1 of the Iron City of Dis.
You worshipped Lugonu.
Lugonu was exalted by your worship.
You were not hungry.

You visited 10 branches of the dungeon, and saw 41 of its levels.
You visited the Abyss 1 time.
You also visited: Ossuary, Bailey and Volcano.

You collected 4727 gold pieces.
You spent 1117 gold pieces at shops.

Inventory:

Hand Weapons
 r - a +7 broad axe of flaming
 w - a +9 war axe of electrocution (weapon)
 M - a +0 broad axe of venom
Missiles
 z - 14 javelins (quivered)
Armour
 a - the +2 cloak of Catatonia (worn) {MP+9 Stlth+}
   (You found it on level 3 of the Elven Halls)

   It affects your magic capacity (+9).
   It makes you more stealthy.
 b - a +2 helmet (worn)
 D - a +2 shield (worn)
 P - a +2 pair of boots (worn)
 V - the +9 plate armour of Reason (worn) {rF++}
   (You took it off a deep elf blademaster on level 3 of the Elven Halls)

   It greatly protects you from fire.
Jewellery
 e - an uncursed ring of protection from fire
 h - a +5 amulet of reflection
 i - a +5 ring of strength
 q - an uncursed ring of protection from cold
 y - an uncursed ring of flight
 A - an uncursed ring of protection from magic
 B - an uncursed ring of see invisible
 C - a ring of protection from magic (left claw)
 G - the ring of the Morning (right claw) {rF+ rC+ MP+9 Str-2 Slay+2}
   (You found it on level 7 of the Lair of Beasts)

   [ring of protection from fire]

   It affects your strength (-2).
   It affects your accuracy and damage with ranged weapons and melee attacks
   (+2).
   It protects you from fire.
   It protects you from cold.
   It affects your magic capacity (+9).
 N - an uncursed ring of poison resistance
 S - an amulet of regeneration (around neck)
Wands
 o - a wand of iceblast (8/15)
 p - a wand of lightning (4/15)
 H - a wand of disintegration (15/24)
 J - a wand of lightning (4/15)
Scrolls
 n - 3 scrolls of magic mapping
 s - 10 scrolls of identify
 v - a scroll of fear
 E - 2 scrolls of teleportation
 K - 6 scrolls of fog
 O - 7 scrolls of recharging
 U - a scroll of enchant weapon
 W - a scroll of silence
Potions
 d - a potion of invisibility
 g - 4 potions of haste
 k - 5 potions of brilliance
 m - 5 potions of resistance
 t - 5 potions of curing
 u - 5 potions of flight
 F - 4 potions of ambrosia
 I - 4 potions of magic
 L - 5 potions of cure mutation
Miscellaneous
 T - a box of beasts
Comestibles
 c - 12 bread rations
 f - 17 beef jerkies
 j - 12 meat rations
 R - 12 royal jellies
 X - 27 fruits


   Skills:
 + Level 17.1 Fighting
 + Level 17.0 Axes
 + Level 1.8 Throwing
 * Level 17.4 Armour
 + Level 6.1 Dodging
 + Level 16.1 Shields
 * Level 21.7 Invocations


You had 20 spell levels left.
You didn't know any spells.

Dungeon Overview and Level Annotations

Branches:
Dungeon (15/15)            Temple (0/1) D:6            Lair (8/8) D:10
  Swamp (4/4) Lair:3        Snake (4/4) Lair:6        Slime (0/6) Lair:7
    Orc (2/2) D:12            Elf (3/3) Orc:2        Vaults (2/5) D:14
  Crypt (0/3) Vaults:2     Depths (1/5) D:15           Hell (1/1)
    Dis (1/7) Hell            Coc (0/7) Hell
    Geh: Hell:1         Tar: Hell:1

Altars:
Ashenzari
Cheibriados
Elyvilon
Fedhas
Kikubaaqudgha
Makhleb
Nemelex Xobeh
Okawaru
Qazlal
Ru
Sif Muna
Xom
Zin

Shops:
D:4 *   D:5 *   D:6 [   D:8 *   D:10 %   D:14 ?}*:*   Orc:2 %[%:   Elf:2 }

Portals:
Hell: Lair:8
Ziggurat: Depths:1

Annotations:
Hell exclusion: ice statue
Abyss:1 Azrael, Nikola


Innate Abilities, Weirdness & Mutations

You have claws for hands.
You are mostly covered in thin metallic scales (AC +3).
You are significantly more attuned to the shadows.
You are completely covered in sharp spines.
You are clumsy. (Dex -2)
You are dopey. (Int -2)
Your flesh is heat resistant.
Your system is resistant to poisons.
You are robust (+10% HP).
You regenerate slowly when monsters are visible.
Your spells are a little easier to cast, but a little less powerful.


Message History

The eldritch tentacle is heavily damaged.
You block the eldritch tentacle's attack.
The eldritch tentacle claws you!! The eldritch tentacle shocks you!!
* * * LOW HITPOINT WARNING * * *
You hit the eldritch tentacle but do no damage.
The eldritch tentacle is heavily damaged.
The eldritch tentacle is struck by your spines.
The eldritch tentacle slaps you!!
* * * LOW HITPOINT WARNING * * *
The eldritch tentacle freezes you! You resist.
* * * LOW HITPOINT WARNING * * *
You block the eldritch tentacle's attack.
Drink which item? (? for menu, Esc to quit)
You feel better.
The eldritch tentacle is struck by your spines.
The eldritch tentacle barely misses you.
The eldritch tentacle claws you.
* * * LOW HITPOINT WARNING * * *
The eldritch tentacle sears you!!
You die...

#########
#.......#
+.......#
#.......#
#..∩@w..+
#.......#
#.......#
#.......#
#...#####
#...#
#...#
#...#
##+##


You could see an eldritch tentacle.

Vanquished Creatures
  the Lernaean hydra (Swamp:4)
  Saint Roka (Snake:3)
  Vashnia (Snake:3)
  Geryon (Hell)
  The ghost of Peloso the Hoplite, an adept MiFi of Okawaru (Vaults:2)
  Xtahua (Vaults:2)
  A tentacled monstrosity (Swamp:4)
  A quicksilver dragon (shapeshifter) (Vaults:2)
  2 deep elf blademasters
  Gastronok (Lair:2)
  An eldritch tentacle (Dis:1)
  A sphinx (Vaults:2)
  An ancient champion (Vaults:2)
  Roxanne (D:15)
  The ghost of ayyllmao the Executioner, an adept HOFi of Okawaru (Elf:1)
  4 thorn hunters
  11 greater nagas
  A fire giant (Vaults:2)
  2 frost giants (Depths:1)
  6 deep elf sorcerers
  3 vault wardens
  A balrug (Lair:8)
  2 cacodemons (Dis:1)
  Aizul (Snake:3)
  5 reapers
  A ghoul (Vaults:2)
  8 ironheart preservers
  4 deep elf elementalists (Elf:3)
  5 stone giants
  3 very ugly things (Depths:1)
  6 deep elf demonologists
  2 dire elephants
  10 deep elf annihilators
  2 blizzard demons (Hell)
  5 deep elf death magi
  A merfolk impaler (Depths:1)
  5 vault guards (Vaults:1)
  2 fire dragons
  6 deep elf high priests (Elf:3)
  The ghost of GordonOverkill the Cleaver, a journeyman FoFi of Okawaru (Orc:2)
  3 rakshasas
  An entropy weaver (Depths:1)
  17 hydras
  4 yaktaur captains
  13 naga warriors
  A catoblepas (Lair:8)
  2 ice dragons
  A death knight (Vaults:2)
  4 centaur warriors
  8 alligators
  A ghost crab (Swamp:1)
  31 dancing weapons
  15 anacondas
  3 deep troll shamans (Depths:1)
  2 deep troll earth magi
  2 tengu warriors (Depths:1)
  A queen ant (Lair:8)
  A death yak (Lair:8)
  6 ogre magi
  Urug (D:10)
  6 orc high priests
  A spriggan berserker (Depths:1)
  8 shock serpents
  15 naga sharpshooters
  4 sun demons (Lair:8)
  26 deep elf knights
  3 fire crabs
  3 soul eaters
  A flayed ghost (Depths:1)
  4 unseen horrors
  An unseen horror (shapeshifter) (Vaults:2)
  A shadow wraith (Vaults:2)
  9 deep trolls
  5 salamander mystics
  8 naga ritualists
  9 deep elf archers
  3 giant orange brains
  2 wizards
  3 spriggan druids
  7 hill giants
  Pikel (D:5)
  13 swamp dragons
  A shambling mangrove (Swamp:1)
  65 deep elf magi
  An anaconda skeleton (Hell)
  A lindwurm (Lair:6)
  A phantasmal warrior (Vaults:2)
  3 ironbrand convokers (Vaults:1)
  3 griffons
  12 orc knights
  A necromancer (Vaults:2)
  9 mana vipers
  The ghost of StormFighter the Destroyer, a novice DECj of Vehumet (D:7)
  6 orc sorcerers
  3 hornets
  4 wolf spiders (Vaults:1)
  6 cyclopes
  An iron dragon zombie (Dis:1)
  3 oklob plants
  A wolf spider (shapeshifter) (Vaults:2)
  44 slime creatures
  7 elephants
  A hornet (shapeshifter) (Vaults:1)
  An elephant (shapeshifter) (Vaults:2)
  17 ugly things
  A sixfirhy (Lair:8)
  A faun (shapeshifter) (D:15)
  18 salamanders
  7 vault sentinels
  The ghost of Thael the Skirmisher, a novice MiBe of Trog (D:5)
  24 naga magi
  2 centaur skeletons
  33 black mambas
  18 spiny frogs
  A gargoyle (D:14)
  3 guardian serpents
  3 orange demons (Lair:8)
  2 komodo dragons (shapeshifter)
  3 rime drakes
  10 komodo dragons
  2 freezing wraiths
  26 yaktaurs
  7 ice devils
  A kobold demonologist (Vaults:2)
  A hellwing (Lair:8)
  5 trolls
  2 tengu conjurers (Depths:1)
  5 red devils
  A queen bee (shapeshifter) (Depths:1)
  11 two-headed ogres
  2 boulder beetles
  4 giant leeches
  A polar bear (Lair:7)
  A queen bee (Lair:1)
  4 bog bodies
  7 spriggans
  4 air elementals
  10 blink frogs
  Sigmund (D:4)
  7 redbacks
  6 water elementals
  3 wyverns
  8 fire elementals
  A redback (shapeshifter) (Vaults:1)
  A fire bat (Volcano)
  52 yaks
  5 wraiths
  3 shadows
  A human (D:7)
  A basilisk (shapeshifter) (Elf:1)
  2 hogs (D:7)
  A steam dragon (Lair:8)
  15 vampire mosquitoes
  Grum (D:9)
  3 basilisks
  2 hungry ghosts (D:12)
  8 hippogriffs
  A mottled dragon (Vaults:2)
  3 wargs
  6 insubstantial wisps (Swamp:4)
  The ghost of ayyllmao the Shield-Bearer, an amateur GrFi (D:3)
  24 swamp worms
  Menkaure (D:5)
  A hydra simulacrum (Hell)
  10 soldier ants
  3 hell hounds (D:12)
  57 nagas
  10 porcupines
  16 water moccasins
  A spiny frog skeleton (Hell)
  15 swamp drakes
  2 phantoms
  A sky beast (D:9)
  42 orc warriors
  6 necrophages (Lair:4)
  12 wasps
  An ice beast (D:5)
  A black bear (Lair:5)
  2 eyes of draining
  29 ogres
  2 slaves (D:5)
  4 boggarts (Depths:1)
  13 centaurs
  14 wolves
  14 crocodiles
  A big kobold (D:5)
  An elf zombie (Ossuary)
  16 giant frogs
  3 earth elementals
  7 scorpions
  2 wyvern skeletons (D:14)
  3 jellies
  38 killer bees
  2 electric eels
  5 howler monkeys
  12 crimson imps
  5 lava snakes (Volcano)
  5 centaur zombies
  A quasit (D:12)
  2 giant frog zombies (D:13)
  17 orc priests
  7 hounds
  27 orc wizards
  6 iguanas
  Jessica (D:2)
  32 worker ants
  11 sheep
  2 big kobold zombies (Ossuary)
  A hound skeleton (D:4)
  2 mummies (Ossuary)
  Robin (D:2)
  10 adders
  7 gnolls
  51 river rats
  2 shadow imps
  A white imp (Depths:1)
  7 oozes
  3 adder skeletons
  An adder zombie (Ossuary)
  3 worms
  A dart slug (D:3)
  7 giant geckos
  95 orcs
  5 giant cockroaches
  13 hobgoblins
  11 quokkas
  2 ball pythons (D:1)
  8 bats
  A giant gecko skeleton (D:5)
  3 giant newts
  17 goblins
  2 goblin zombies (Ossuary)
  8 hobgoblin zombies (Ossuary)
  A jackal zombie (Ossuary)
  11 kobolds
  8 kobold zombies (Ossuary)
  10 orc zombies (Ossuary)
  A quokka skeleton (D:5)
  A quokka zombie (D:5)
  9 rats
  11 briar patches
  A butterfly (Lair:3)
  2 crawling corpses (Elf:3)
  A fungus (Lair:3)
  7 plants
1720 creatures vanquished.

Vanquished Creatures (collateral kills)
  A greater naga (Snake:4)
  A naga sharpshooter (Snake:4)
2 creatures vanquished.

Vanquished Creatures (others)
  The ghost of Dioneo the Corrupter of Planes, an adept DrAK of Lugonu (Vaults:2)
  A deep elf master archer (Elf:3)
  A lorocyproca (Lair:8)
  A deep elf high priest (Elf:3)
  A centaur warrior (D:14)
  12 hydras
  A vampire mage (Depths:1)
  3 naga sharpshooters
  A deep elf knight (Elf:1)
  9 deep elf archers
  4 oklob plants (Lair:6)
  A salamander (Snake:4)
  A deep elf mage (Vaults:2)
  A cyclops (Vaults:1)
  A hellion (Dis:1)
  10 yaktaurs
  A tormentor (Dis:1)
  A naga (Snake:2)
  A swamp drake (Swamp:3)
  2 centaurs
  A wyvern skeleton (D:12)
  2 orc wizards (Orc:2)
  9 kobolds (Bailey)
  15 fungi
  8 plants
89 creatures vanquished.

Grand Total: 1811 creatures vanquished

Notes
Turn   | Place    | Note
--------------------------------------------------------------
     0 | Abyss:1  | Gargoyl the Demonspawn Abyssal Knight began the quest for the Orb.
     0 | Abyss:1  | Reached XP level 1. HP: 18/18 MP: 2/2
    74 | Abyss:1  | Noticed an apocalypse crab
   102 | Abyss:1  | Noticed a tentacled monstrosity
   103 | Abyss:1  | Noticed a ynoxinul
   114 | D:1      | Escaped the Abyss
   373 | D:1      | Reached skill level 1 in Dodging
   373 | D:1      | Gained mutation: You are partially covered in sharp spines. [demonic ancestry]
   373 | D:1      | Reached XP level 2. HP: 24/24 MP: 3/3
   571 | D:1      | Reached * piety under Lugonu
   644 | D:1      | Gained mutation: You have sharp fingernails. [demonic ancestry]
   644 | D:1      | Reached XP level 3. HP: 29/29 MP: 4/4
   963 | D:2      | Noticed Robin
   968 | D:2      | Killed Robin
  1013 | D:2      | Reached ** piety under Lugonu
  1158 | D:2      | Gained mutation: You have very sharp fingernails. [demonic ancestry]
  1158 | D:2      | Reached XP level 4. HP: 37/37 MP: 6/6
  1218 | D:2      | Found a sparkling altar of Nemelex Xobeh.
  1218 | D:2      | Noticed Jessica
  1222 | D:2      | Killed Jessica
  1222 | D:2      | Reached skill level 3 in Invocations
  1331 | D:2      | Reached XP level 5. HP: 42/42 MP: 7/7
  1634 | D:3      | Noticed ayyllmao's ghost (amateur GrFi)
  1657 | D:3      | HP: 2/42 [ayyllmao's ghost (1)]
  1661 | D:3      | Killed ayyllmao's ghost
  1661 | D:3      | Reached XP level 6. HP: 2/48 MP: 8/8
  1662 | D:3      | HP: 1/48 [spatial distortion (1)]
  2352 | D:3      | Reached *** piety under Lugonu
  2391 | D:3      | Found a shattered altar of Ashenzari.
  2391 | D:3      | Found a stormy altar of Qazlal.
  2917 | D:4      | Reached skill level 4 in Invocations
  2943 | D:4      | Found a burning altar of Makhleb.
  2955 | D:4      | Found a sand-covered staircase.
  2990 | Ossuary  | Entered an ossuary
  3136 | Ossuary  | Reached XP level 7. HP: 23/55 MP: 10/10
  3223 | Ossuary  | Reached **** piety under Lugonu
  3759 | D:4      | Found Uxzizib's General Store.
  3764 | D:4      | Bought a +0 war axe for 38 gold pieces
  3764 | D:4      | Bought a potion of curing for 33 gold pieces
  3941 | D:4      | Noticed Sigmund
  3959 | D:4      | Killed Sigmund
  3959 | D:4      | Reached skill level 5 in Armour
  4224 | D:5      | Entered Level 5 of the Dungeon
  4283 | D:5      | Noticed Thael's ghost (novice MiBe)
  4307 | D:5      | Killed Thael's ghost
  4307 | D:5      | Reached skill level 5 in Fighting
  4307 | D:5      | Reached skill level 5 in Invocations
  4307 | D:5      | Gained mutation: You are mostly covered in sharp spines. [demonic ancestry]
  4307 | D:5      | Reached XP level 8. HP: 10/62 MP: 10/12
  4677 | D:5      | Found an iron altar of Okawaru.
  4834 | D:5      | Found a shimmering altar of Xom.
  4835 | D:5      | Found a deep blue altar of Sif Muna.
  5052 | D:5      | Noticed Menkaure
  5056 | D:5      | Killed Menkaure
  5056 | D:5      | Reached skill level 6 in Invocations
  5057 | D:5      | Found Zipestav's General Store.
  5076 | D:5      | Reached skill level 1 in Shields
  5090 | D:5      | Bought 2 potions of curing for 84 gold pieces
  5090 | D:5      | Bought a scroll of teleportation for 42 gold pieces
  5105 | D:5      | Found a glowing silver altar of Zin.
  5108 | D:5      | Found a blossoming altar of Fedhas.
  5112 | D:5      | Found an ancient bone altar of Kikubaaqudgha.
  5192 | D:5      | Noticed Pikel
  5202 | D:5      | Killed Pikel
  5202 | D:5      | Reached skill level 5 in Axes
  5202 | D:5      | Gained mutation: You have claws for hands. [demonic ancestry]
  5202 | D:5      | Reached XP level 9. HP: 52/69 MP: 13/13
  5707 | D:6      | Found a staircase to the Ecumenical Temple.
  5843 | D:6      | Found Alocretac's Armour Emporium.
  5846 | D:6      | Bought a +0 shield for 58 gold pieces
  6071 | D:7      | Reached ***** piety under Lugonu
  6075 | D:7      | Found a snail-covered altar of Cheibriados.
  6234 | D:7      | Reached skill level 7 in Invocations
  6279 | D:7      | Noticed StormFighter's ghost (novice DECj)
  6287 | D:7      | Killed StormFighter's ghost
  6603 | D:7      | Gained mutation: You are slightly more attuned to the shadows. [demonic ancestry]
  6603 | D:7      | Reached XP level 10. HP: 65/77 MP: 15/15
  6935 | D:7      | Reached skill level 8 in Invocations
  6953 | D:7      | Found a white marble altar of Elyvilon.
  6963 | D:7      | Found a sparkling altar of Nemelex Xobeh.
  7332 | D:8      | Found Aniysiott's Elemental Accessories.
  8249 | D:9      | Identified a scroll of acquirement
  8354 | D:9      | Noticed Grum
  8367 | D:9      | Killed Grum
  8494 | D:9      | Found a sacrificial altar of Ru.
  8521 | D:9      | Found a sacrificial altar of Ru.
  8995 | D:9      | Reached skill level 9 in Invocations
  9096 | D:10     | Entered Level 10 of the Dungeon
  9356 | D:10     | Found Ohyneut's Food Emporium.
  9370 | D:10     | Reached skill level 5 in Shields
  9376 | D:10     | Noticed Urug
  9400 | D:10     | HP: 2/118 [Urug/war axe of electrocution (16)]
  9402 | D:10     | Killed Urug
  9402 | D:10     | Reached XP level 11. HP: 10/84 MP: 17/17
  9403 | D:10     | Gained mutation: Your muscles are strong. (Str +2) [potion of beneficial mutation]
  9405 | D:10     | Gained mutation: You are robust (+10% HP). [potion of mutation]
  9405 | D:10     | Gained mutation: Your flesh is heat resistant. [potion of mutation]
  9785 | D:10     | Noticed an oklob plant
  9787 | D:10     | Found a staircase to the Lair.
  9800 | D:10     | Killed an oklob plant
  9904 | D:10     | Noticed a hill giant
  9915 | D:10     | Killed a hill giant
  9915 | D:10     | Reached skill level 5 in Dodging
 10038 | D:10     | Noticed a hill giant
 10042 | D:10     | Killed a hill giant
 10639 | D:11     | Noticed a hill giant
 10645 | D:11     | Killed a hill giant
 10645 | D:11     | Reached skill level 1 in Throwing
 10949 | D:11     | Reached ****** piety under Lugonu
 11208 | D:12     | Reached skill level 10 in Invocations
 11803 | D:12     | Found a staircase to the Orcish Mines.
 11926 | D:12     | Noticed a cyan ugly thing
 11940 | D:12     | Killed a cyan ugly thing
 12116 | D:12     | Noticed Azrael
 12156 | D:12     | HP: 2/94 [Azrael/scimitar of flaming (4)]
 12157 | D:12     | Banished Azrael
 12157 | D:12     | Gained mutation: You are completely covered in sharp spines. [demonic ancestry]
 12157 | D:12     | Reached XP level 12. HP: 2/101 MP: 14/20
 12667 | Lair:1   | Entered Level 1 of the Lair of Beasts
 12673 | Lair:1   | Reached skill level 11 in Invocations
 13052 | Lair:1   | Reached skill level 10 in Armour
 13894 | Lair:2   | Noticed Gastronok
 13909 | Lair:2   | Killed Gastronok
 14205 | Lair:2   | Found a white marble altar of Elyvilon.
 14749 | Lair:3   | Reached skill level 12 in Invocations
 15069 | Lair:3   | Reached XP level 13. HP: 106/108 MP: 22/22
 15412 | Lair:3   | Found a staircase to the Swamp.
 15784 | Lair:4   | Gained mutation: Your system is resistant to poisons. [potion of beneficial mutation]
 17363 | Lair:6   | Reached skill level 13 in Invocations
 17601 | Lair:6   | Reached skill level 10 in Axes
 17629 | Lair:6   | Found an iron altar of Okawaru.
 17771 | Lair:6   | Found a dark tunnel.
 17786 | Volcano  | Entered a volcano
 17952 | Volcano  | Found a radiant altar of Vehumet.
 18130 | Lair:6   | Found a staircase to the Snake Pit.
 18710 | Lair:7   | Reached skill level 14 in Invocations
 18727 | Lair:7   | Got a clouded bronze ring
 18765 | Lair:7   | Found a staircase to the Slime Pits.
 19019 | Lair:7   | Identified the ring of the Morning {rF+ rC+ MP+9 Str-2 Slay+2} (You found it on level 7 of the Lair of Beasts)
 19376 | Lair:7   | Reached XP level 14. HP: 110/119 MP: 24/24
 19433 | Lair:8   | Entered Level 8 of the Lair of Beasts
 20168 | Lair:8   | Found a burning altar of Makhleb.
 20549 | Lair:8   | Reached skill level 10 in Fighting
 20763 | Lair:8   | Found a gateway to Hell.
 21072 | Orc:1    | Entered Level 1 of the Orcish Mines
 21078 | Orc:1    | Reached skill level 15 in Invocations
 21081 | Orc:1    | Noticed a stone giant
 21090 | Orc:1    | Killed a stone giant
 21767 | Orc:2    | Entered Level 2 of the Orcish Mines
 21782 | Orc:2    | Noticed GordonOverkill's ghost (journeyman FoFi)
 21793 | Orc:2    | Killed GordonOverkill's ghost
 22000 | Orc:2    | Found a staircase to the Elven Halls.
 22390 | Orc:2    | Found Xuumm's Book Emporium.
 23224 | Orc:2    | Reached skill level 10 in Shields
 23224 | Orc:2    | Reached XP level 15. HP: 117/128 MP: 26/26
 23243 | Orc:2    | Found Zixzio Bury's Food Emporium.
 23244 | Orc:2    | Found Beill's Armour Boutique.
 23258 | Orc:2    | Found Lideatamp's Food Boutique.
 23280 | Orc:2    | Bought a +0 pair of boots for 72 gold pieces
 24163 | D:14     | Found Ceczisic's Magic Scroll Boutique.
 24176 | D:14     | Bought a scroll of teleportation for 39 gold pieces
 24176 | D:14     | Bought a scroll of teleportation for 39 gold pieces
 24176 | D:14     | Bought a scroll of enchant weapon for 97 gold pieces
 24176 | D:14     | Bought a scroll of silence for 97 gold pieces
 24181 | D:14     | Found Lunorayh's Gadget Emporium.
 24208 | D:14     | Found a flagged portal.
 24225 | Bailey   | Entered a bailey
 24403 | D:14     | Found a gate to the Vaults.
 24704 | D:14     | Found Ryciatua's Assorted Antiques.
 24930 | D:14     | Found Jaaruef's Assorted Antiques.
 24933 | D:14     | Bought a scroll labeled HAPECZ ASCHEO for 21 gold pieces
 24933 | D:14     | Bought a scroll of blinking for 157 gold pieces
 25228 | D:14     | Found Ulunluzu's Book Emporium.
 25277 | D:15     | Entered Level 15 of the Dungeon
 25426 | D:15     | Noticed Roxanne
 25430 | D:15     | Found a shattered altar of Ashenzari.
 25452 | D:15     | Killed Roxanne
 26258 | D:15     | Found a staircase to the Depths.
 26957 | Swamp:1  | Entered Level 1 of the Swamp
 26963 | Swamp:1  | Noticed a thorn hunter
 26973 | Swamp:1  | Killed a thorn hunter
 26973 | Swamp:1  | Reached skill level 16 in Invocations
 27986 | Swamp:2  | Noticed a thorn hunter
 27999 | Swamp:2  | Killed a thorn hunter
 28892 | Swamp:3  | Gained mutation: You are significantly more attuned to the shadows. [demonic ancestry]
 28892 | Swamp:3  | Reached XP level 16. HP: 132/139 MP: 28/28
 28954 | Swamp:3  | Noticed a thorn hunter
 28964 | Swamp:3  | Killed a thorn hunter
 29568 | Swamp:4  | Entered Level 4 of the Swamp
 29749 | Swamp:4  | Noticed a tentacled monstrosity
 29769 | Swamp:4  | Killed a tentacled monstrosity
 30529 | Swamp:4  | Noticed the 27-headed Lernaean hydra
 31254 | Swamp:4  | Got a decaying rune of Zot
 31353 | Swamp:4  | Killed the 17-headed Lernaean hydra
 31353 | Swamp:4  | Reached skill level 17 in Invocations
 31356 | Swamp:4  | Noticed a thorn hunter
 31367 | Swamp:4  | Killed a thorn hunter
 31782 | Vaults:1 | Entered Level 1 of the Vaults
 32694 | Vaults:1 | Reached XP level 17. HP: 145/151 MP: 29/29
 33793 | Vaults:1 | Noticed Nikola
 33809 | Vaults:1 | Banished Nikola
 34419 | Snake:1  | Entered Level 1 of the Snake Pit
 36386 | Snake:2  | Reached skill level 18 in Invocations
 37024 | Snake:3  | Noticed Vashnia
 37091 | Snake:3  | Killed Vashnia
 37596 | Snake:3  | Reached skill level 15 in Armour
 37814 | Snake:3  | Reached XP level 18. HP: 110/162 MP: 31/31
 38156 | Snake:3  | Noticed Saint Roka
 38157 | Snake:3  | Noticed Aizul
 38397 | Snake:3  | Reached skill level 15 in Fighting
 38731 | Snake:3  | Found a snail-covered altar of Cheibriados.
 39371 | Snake:3  | Killed Saint Roka
 39609 | Snake:3  | Killed Aizul
 40473 | Snake:4  | Entered Level 4 of the Snake Pit
 41692 | Snake:4  | HP: 6/163 [greater naga/orb of energy (23)]
 42112 | Snake:4  | Reached skill level 19 in Invocations
 42538 | Snake:4  | Got a serpentine rune of Zot
 43054 | Depths:1 | Entered Level 1 of the Depths
 43072 | Depths:1 | Gained mutation: You are partially covered in thin metallic scales (AC +2). [demonic ancestry]
 43072 | Depths:1 | Reached XP level 19. HP: 166/172 MP: 32/32
 43940 | Depths:1 | Reached skill level 15 in Axes
 44076 | Depths:1 | Found a gateway to a ziggurat.
 44330 | Depths:1 | HP: 3/172 [white very ugly thing (24)]
 45311 | Elf:1    | Entered Level 1 of the Elven Halls
 45800 | Elf:1    | Noticed ayyllmao's ghost (adept HOFi)
 45856 | Elf:1    | Killed ayyllmao's ghost
 47314 | Elf:2    | Found a huge runed gate.
 47321 | Elf:2    | Found a huge runed gate.
 47321 | Elf:2    | Found a huge runed gate.
 47321 | Elf:2    | Found a huge runed gate.
 47321 | Elf:2    | Found a huge runed gate.
 47518 | Elf:2    | Found Ynoim's Gadget Shop.
 47522 | Elf:2    | Bought a sack of spiders for 340 gold pieces
 48204 | Elf:2    | Reached skill level 20 in Invocations
 48975 | Elf:2    | Gained mutation: You are mostly covered in thin metallic scales (AC +3). [demonic ancestry]
 48975 | Elf:2    | Reached XP level 20. HP: 140/180 MP: 34/34
 49567 | Elf:3    | Entered Level 3 of the Elven Halls
 51032 | Elf:3    | Lost mutation: Your muscles are strong. (Str +2) [a neqoxec]
 51041 | Elf:3    | Reached skill level 15 in Shields
 52032 | Elf:3    | Got a fine plate armour
 52033 | Elf:3    | Identified the +9 plate armour of Reason {rF++} (You took it off a deep elf blademaster on level 3 of the Elven Halls)
 52089 | Elf:3    | Got a smoking rapier {flame}
 52090 | Elf:3    | Identified the +1 rapier "Diadghya" {flame, rF+ rC+} (You took it off a deep elf annihilator on level 3 of the Elven Halls)
 52594 | Elf:2    | Got a wavering turquoise ring
 53181 | Elf:3    | Identified the ring of Ephemeral Luck {*Drain rC+ MR+ Str+2 Int+5} (You took it off a deep elf sorcerer on level 2 of the Elven Halls)
 53368 | Elf:3    | Identified the Volume of Contamination and Attacks
 53371 | Elf:3    | Identified the Reference Book on Envenoming
 53427 | Elf:3    | Got an ancient cloak
 53428 | Elf:3    | Identified the +2 cloak of Catatonia {MP+9 Stlth+} (You found it on level 3 of the Elven Halls)
 53454 | Elf:3    | Identified the Tome of Hexes and Heat
 53456 | Elf:3    | Identified Ufua's Catalogue of Cold and the Birds
 53458 | Elf:3    | Identified the Catalogue of Assistive Attacks
 54369 | Vaults:1 | Reached skill level 21 in Invocations
 54525 | Vaults:1 | Reached XP level 21. HP: 167/189 MP: 35/35
 55532 | Vaults:2 | Noticed Xtahua
 55545 | Vaults:2 | Killed Xtahua
 55592 | Vaults:2 | Noticed Peloso's ghost (adept MiFi)
 55614 | Vaults:2 | Noticed Dioneo's ghost (adept DrAK)
 56091 | Vaults:2 | Killed Peloso's ghost
 56580 | Vaults:2 | Found a staircase to the Crypt.
 57570 | Vaults:2 | Banished Dioneo's ghost
 58473 | Hell     | Entered the Vestibule of Hell
 58755 | Hell     | Found a gateway to the freezing wastes of Cocytus.
 59082 | Hell     | Found a gateway to the Iron City of Dis.
 59249 | Hell     | Noticed Geryon
 59283 | Dis:1    | Entered Level 1 of the Iron City of Dis
 59283 | Dis:1    | Found a gateway to Hell.
 59541 | Dis:1    | Gained mutation: You are dopey. (Int -2) [mutagenic glow]
 59599 | Dis:1    | Gained mutation: Your spells are a little easier to cast, but a little less powerful. [mutagenic glow]
 59622 | Dis:1    | Gained mutation: You regenerate slowly when monsters are visible. [mutagenic glow]
 59730 | Dis:1    | Gained mutation: You are clumsy. (Dex -2) [a cacodemon]
 59771 | Hell     | Killed Geryon
 60257 | Dis:1    | HP: 6/189 [eldritch tentacle[the effects of Hell] (12)]
 60258 | Dis:1    | Annihilated by an eldritch tentacle

Skill      XL: |  1  2  3  4  5  6  7  8  9 10 11 12 13 14 15 16 17 18 19 20 21 |
---------------+----------------------------------------------------------------+-----
Axes           | 2 3 4 5 6 8 9 10 11 12 13 14 15 16 17 | 17.0
Dodging        | 1 2 3 4 5 6 |  6.1
Armour         | 2 3 4 5 6 7 8 9 10 11 12 13 14 15 16 17 | 17.4
Invocations    | 3 4 5 6 7 9 10 12 14 15 16 17 18 19 20 21 | 21.7
Fighting       | 4 5 6 7 8 9 10 12 13 14 15 16 17 | 17.1
Shields        | 1 3 5 6 7 8 10 11 12 13 14 15 16 | 16.1
Throwing       | 1 |  1.8

Action                   |  1- 3 |  4- 6 |  7- 9 | 10-12 | 13-15 | 16-18 | 19-21 || total
-------------------------+-------+-------+-------+-------+-------+-------+-------++-------
Melee: Hand axe          |    68 |   165 |    72 |       |       |       |       ||   305
       War axe           |       |       |   251 |   643 |  1084 |  1295 |  1746 ||  5019
       Broad axe         |       |       |       |       |    29 |    98 |       ||   127
Throw: Javelin           |       |       |       |    16 |       |    10 |     1 ||    27
Invok: Depart the Abyss  |     1 |       |       |       |       |       |       ||     1
       Bend Space        |       |     1 |       |       |       |     1 |     1 ||     3
       Banish            |       |       |       |     5 |    19 |     2 |    19 ||    45
  Use: Scroll            |     4 |     3 |    12 |    12 |    23 |    23 |    20 ||    97
       Potion            |       |     4 |       |    15 |     5 |    13 |    11 ||    48
 Stab: Petrifying        |       |       |       |       |     1 |       |       ||     1
       Confused          |       |       |       |       |     2 |       |       ||     2
       Distracted        |       |       |       |       |       |       |     2 ||     2
  Eat: Chunk             |     2 |     1 |     8 |    27 |    38 |    12 |    43 ||   131
       Bread ration      |       |     1 |     1 |       |     3 |     4 |     4 ||    13
       Beef jerky        |       |       |       |     1 |       |       |       ||     1
       Pizza             |       |       |       |     2 |       |     6 |       ||     8
       Fruit             |       |       |       |       |       |    11 |       ||    11
       Royal jelly       |       |       |       |       |       |       |     1 ||     1
Armor: Leather armour    |     7 |       |       |       |       |       |       ||     7
       Ring mail         |     2 |       |       |       |       |       |       ||     2
       Chain mail        |    14 |    85 |   136 |   210 |       |       |       ||   445
       Skin              |       |       |       |    11 |       |       |       ||    11
       Crystal plate arm |       |       |       |       |   664 |   973 |   396 ||  2033
       Plate armour      |       |       |       |       |       |       |   310 ||   310
Dodge: Dodged            |    33 |    44 |    76 |   128 |   131 |   226 |   184 ||   822
Block: Other             |    16 |    44 |    26 |       |       |       |       ||    86
       Buckler           |       |       |    53 |       |       |       |       ||    53
       Reflection        |       |       |     4 |     9 |    77 |   163 |   142 ||   395
       Shield            |       |       |    60 |   478 |   955 |  1360 |  1398 ||  4251
